[Event "Titled Tuesday Blitz May 16 Late 2023"]
[White "Liu, Eric"]
[Black "Rodriguez Santiago, Jaime"]
[WhiteFideId "30960240"]
[BlackFideId "3100898"]
[WhiteElo "2094"]
[BlackElo "2025"]
[Result "0-1"]
[Round "11"]
[TimeControl "180+2"]
[Date "2023.05.16"]
[WhiteClock "0:00:02"]
[BlackClock "0:00:29"]

1. b3 e5 2. Bb2 Nc6 3. e3 Bd6 4. h4 Qe7 5. h5 Nf6 6. h6 g6 7. Nc3 a6 8. Nf3 e4 9. Ng5 Be5 10. d4 exd3 11. cxd3 d5 12. Nf3 Bxc3+ 13. Bxc3 Bg4 14. Be2 O-O-O 15. Nd4 Bxe2 16. Qxe2 Nxd4 17. Bxd4 Rhe8 18. Rc1 Rd7 19. Qb2 Ng8 20. Bg7 Qg5 21. Kf1 Qf5 22. Qd4 Ne7 23. Kg1 Kb8 24. Rh4 Nc6 25. Qc3 Qg5 26. Ra4 Re6 27. b4 Na7 28. Ra5 Nb5 29. Qc5 Rc6 30. Qf8+ Rd8 31. Rxc6 Rxf8 32. Bxf8 bxc6 33. Rxa6 Kb7 34. Ra5 Qd8 35. Bg7 Qe7 36. a3 f6 37. Kf1 Nd6 38. g4 Ne8 39. Bh8 Nd6 40. Ke2 f5 41. f3 fxg4 42. fxg4 Qg5 43. Kf3 Qd8 44. Bg7 Qe7 45. a4 Nf7 46. b5 cxb5 47. Rxb5+ Kc6 48. Rb1 Ng5+ 49. Ke2 Ne6 50. Rc1+ Kd7 51. Be5 c6 52. d4 Qa3 53. Rc2 Qxa4 54. Rb2 Qa6+ 55. Kf3 Qf1+ 56. Kg3 Qe1+ 57. Kf3 Ng5+ 58. Kf4 Nh3+ 59. Kf3 Qh1+ 60. Kg3 Ng1 61. Rg2 Qxh6 62. Kf2 Nh3+ 63. Ke2 Ng5 64. Rh2 Qf8 65. Bf4 h6 66. Be5 Qf3+ 67. Kd3 Qxg4 68. Rf2 Qe4+ 69. Kc3 Qb1 70. Rf6 Ne4# 0-1


[Site "https://www.chess.com"]

[Event "Titled Tuesday Blitz May 16 Late 2023"]
[White "Harish, Neeraj"]
[Black "Shapiro, Viktor"]
[WhiteFideId "30958130"]
[BlackFideId "4175700"]
[WhiteElo "1879"]
[BlackElo "2152"]
[Result "0-1"]
[Round "11"]
[TimeControl "180+2"]
[Date "2023.05.16"]
[WhiteClock "0:00:14"]
[BlackClock "0:00:12"]

1. e4 Nf6 2. e5 Nd5 3. d4 d6 4. c4 Nb6 5. exd6 cxd6 6. Nc3 g6 7. Be3 Bg7 8. Rc1 O-O 9. b3 f5 10. Nh3 e5 11. dxe5 dxe5 12. Qxd8 Rxd8 13. c5 f4 14. cxb6 fxe3 15. Bc4+ Kf8 16. fxe3 Bxh3 17. gxh3 Bf6 18. bxa7 Nc6 19. O-O Kg7 20. Nd5 Bg5 21. Nc7 Bxe3+ 22. Kg2 Bxc1 23. Nxa8 Rxa8 24. Rxc1 Rxa7 25. a4 Nd4 26. Re1 Kf6 27. Rf1+ Nf5 28. Kf3 Ra5 29. Rd1 Ke7 30. Rd2 Rc5 31. Ke4 Nd6+ 32. Kd3 b6 33. Re2 Kf6 34. Rf2+ Nf5 35. Bg8 Rc7 36. Bc4 Rd7+ 37. Kc3 e4 38. Re2 Ke5 39. Bb5 Rd6 40. Bc4 h6 41. b4 Nd4 42. Re1 Nf3 43. Re2 Kf4 44. a5 bxa5 45. bxa5 e3 46. a6 Rd7 47. Ra2 Ra7 48. Kd3 Ne5+ 49. Kd4 Nxc4 50. Kxc4 Kf3 51. Kd3 e2 52. Kd2 Rd7+ 53. Ke1 Rd1# 0-1


[Site "https://www.chess.com"]

[Event "Titled Tuesday Blitz May 16 Late 2023"]
[White "Bjelobrk, Igor"]
[Black "Kielinkei"]
[WhiteFideId "4300726"]
[WhiteElo "2319"]
[BlackElo "2436"]
[Result "0-1"]
[Round "11"]
[TimeControl "180+2"]
[Date "2023.05.16"]
[WhiteClock "0:00:00"]
[BlackClock "0:00:14"]

1. d4 Nf6 2. c4 e6 3. g3 c5 4. d5 exd5 5. cxd5 b5 6. Nf3 g6 7. Bg2 Bg7 8. O-O O-O 9. a4 Bb7 10. axb5 Bxd5 11. Nc3 Bb7 12. Be3 Qc7 13. Bf4 Qb6 14. Bd6 Rc8 15. Qd3 c4 16. Qd2 Ne4 17. Nxe4 Bxe4 18. Qb4 Bb7 19. Rfc1 a6 20. bxa6 Qxb4 21. Bxb4 Nxa6 22. Bc3 d5 23. Bxg7 Kxg7 24. Nd4 Nc5 25. Bf3 Kf6 26. Rd1 Ke5 27. e3 Nd3 28. b3 Rxa1 29. Rxa1 c3 30. Nc2 Ra8 31. Rxa8 Bxa8 32. Be2 Nc1 33. Kf1 Nxb3 34. Bb5 d4 35. Ke2 Be4 36. exd4+ Nxd4+ 37. Nxd4 Kxd4 38. Ba4 Kc4 39. f3 Bb1 40. Kd1 Kb4 41. Be8 Ba2 42. Kc2 Bd5 43. f4 Kc4 0-1


[Site "https://www.chess.com"]

[Event "Titled Tuesday Blitz May 16 Late 2023"]
[White "Gatterer, Florian"]
[Black "Simonian, Hrair"]
[WhiteFideId "811688"]
[BlackFideId "13302337"]
[WhiteElo "2221"]
[BlackElo "2447"]
[Result "0-1"]
[Round "11"]
[TimeControl "180+2"]
[Date "2023.05.16"]
[WhiteClock "0:00:00"]
[BlackClock "0:00:54"]

1. d4 Nf6 2. Bg5 d5 3. e3 e6 4. Nd2 Be7 5. Bd3 c5 6. c3 b6 7. Qe2 Bb7 8. Bb5+ Nbd7 9. Ngf3 O-O 10. Ne5 Nxe5 11. dxe5 Nd7 12. Bxe7 Qxe7 13. f4 a6 14. Bd3 c4 15. Bc2 f6 16. exf6 Rxf6 17. O-O-O b5 18. Nf3 a5 19. g3 b4 20. e4 bxc3 21. bxc3 dxe4 22. Rxd7 Qxd7 23. Ne5 Qd6 24. Kb2 Bd5 25. Ka1 Qa3 26. Qe3 Rb8 27. Rb1 Rff8 28. Nd7 Rxb1+ 29. Bxb1 Rd8 30. Ne5 Rb8 31. Qd2 e3 32. Qc2 Qb2+ 33. Qxb2 Rxb2 34. Kxb2 e2 0-1


[Site "https://www.chess.com"]

[Event "Titled Tuesday Blitz May 16 Late 2023"]
[White "Fishbein, Alexander"]
[Black "ArchibaldCerveza29"]
[WhiteFideId "2000377"]
[WhiteElo "2415"]
[BlackElo "2380"]
[Result "1-0"]
[Round "11"]
[TimeControl "180+2"]
[Date "2023.05.16"]
[WhiteClock "0:02:33"]
[BlackClock "0:00:21"]

1. e4 e5 2. Nf3 Nc6 3. Nc3 Nf6 4. d4 exd4 5. Nxd4 Bb4 6. Nxc6 bxc6 7. Bd3 O-O 8. O-O d5 9. exd5 Bg4 10. Be2 Bxe2 11. Nxe2 cxd5 12. Bg5 c6 13. Ng3 Re8 14. Qf3 Be7 15. Nf5 Rb8 16. Rae1 Ne4 17. Bxe7 Rxe7 18. Nxe7+ Qxe7 19. b3 Qb4 20. Qf4 g6 21. c4 Nd2 22. a3 1-0


[Site "https://www.chess.com"]

[Event "Titled Tuesday Blitz May 16 Late 2023"]
[White "Gerbelli Neto, Eduardo"]
[Black "Romkachess"]
[WhiteFideId "2103281"]
[WhiteElo "2178"]
[BlackElo "2554"]
[Result "0-1"]
[Round "11"]
[TimeControl "180+2"]
[Date "2023.05.16"]
[WhiteClock "0:00:44"]
[BlackClock "0:00:20"]

1. e4 c5 2. Nc3 d6 3. f4 Nc6 4. Nf3 g6 5. Bc4 Bg7 6. O-O e6 7. d3 Nge7 8. Bb3 O-O 9. Qe1 Nd4 10. Nxd4 cxd4 11. Ne2 Nc6 12. Bd2 Bd7 13. Ng3 Rc8 14. f5 Ne5 15. h3 b6 16. Qf2 Re8 17. f6 Bf8 18. Qxd4 Qc7 19. Bc3 Bh6 20. Qf2 a5 21. a4 Bf8 22. Ne2 Nc6 23. Nf4 Nb4 24. Rac1 Bc6 25. Nxe6 Qd7 26. Ng5 d5 27. Qh4 h6 28. Nf3 dxe4 29. Ne5 Rxe5 30. Bxe5 exd3 31. Qg3 Kh7 32. Rcd1 Bc5+ 33. Kh1 Re8 34. c3 Rxe5 35. Qxe5 Qxh3+ 36. Qh2 Bxg2# 0-1


[Site "https://www.chess.com"]

[Event "Titled Tuesday Blitz May 16 Late 2023"]
[White "mohsengabr2002"]
[Black "Golubev, Mikhail"]
[BlackFideId "14100983"]
[WhiteElo "2367"]
[BlackElo "2374"]
[Result "0-1"]
[Round "11"]
[TimeControl "180+2"]
[Date "2023.05.16"]
[WhiteClock "0:00:00"]
[BlackClock "0:00:08"]

1. e4 c5 2. Nf3 d6 3. d4 Nf6 4. Nc3 cxd4 5. Nxd4 g6 6. Bc4 Bg7 7. Bb3 Nc6 8. f3 O-O 9. Be3 Qa5 10. Qd2 Nxd4 11. Bxd4 Be6 12. O-O-O b5 13. Kb1 b4 14. Nd5 Bxd5 15. exd5 Qb5 16. Rhe1 a5 17. c4 bxc3 18. Bxc3 a4 19. Bc2 Rab8 20. Rxe7 Nxd5 21. Bxg7 Kxg7 22. Qd4+ Kg8 23. Ra7 Rfc8 24. Bxa4 Qe2 25. Bb3 Rxb3 26. axb3 Qc2+ 27. Ka2 Nc3+ 28. Ka1 Nxd1 29. Qf6 Qxb3 30. Kb1 Nc3+ 31. Qxc3 Rxc3 0-1


[Site "https://www.chess.com"]

[Event "Titled Tuesday Blitz May 16 Late 2023"]
[White "Ismayil, Malak"]
[Black "Vaglio Munoz, Jaime"]
[WhiteFideId "13412604"]
[BlackFideId "6500145"]
[WhiteElo "1868"]
[BlackElo "2199"]
[Result "0-1"]
[Round "11"]
[TimeControl "180+2"]
[Date "2023.05.16"]
[WhiteClock "0:01:11"]
[BlackClock "0:02:06"]

1. e4 e6 2. d4 d5 3. Nd2 dxe4 4. Nxe4 Nf6 5. Nxf6+ Qxf6 6. Nf3 h6 7. Bd3 Nc6 8. c3 Bd6 9. h3 O-O 10. Qe2 e5 11. Qe4 g6 12. dxe5 Nxe5 13. Nxe5 Bxe5 14. Bxh6 Bf5 15. Qc4 b5 16. Qxb5 Bxc3+ 17. bxc3 Qxc3+ 18. Ke2 Rfe8+ 19. Be3 Rab8 20. Rac1 Bxd3+ 21. Qxd3 Rb2+ 0-1


[Site "https://www.chess.com"]

[Event "Titled Tuesday Blitz May 16 Late 2023"]
[White "Bilan, Danila"]
[Black "Marcziter, Dmitrii"]
[WhiteFideId "24161918"]
[BlackFideId "13900765"]
[WhiteElo "2182"]
[BlackElo "2162"]
[Result "1-0"]
[Round "11"]
[TimeControl "180+2"]
[Date "2023.05.16"]
[WhiteClock "0:00:10"]
[BlackClock "0:00:00"]

1. d4 Nf6 2. Nf3 g6 3. Bg5 Ne4 4. Bh4 Bg7 5. c3 d5 6. Nbd2 Bf5 7. e3 O-O 8. Nxe4 Bxe4 9. Bd3 Bxd3 10. Qxd3 Nd7 11. e4 c6 12. O-O dxe4 13. Qxe4 Nf6 14. Qe2 e6 15. Ne5 Qc7 16. Qf3 Nd5 17. Rfe1 f6 18. Nd3 Rae8 19. Re2 e5 20. Rae1 Qd7 21. dxe5 fxe5 22. Qe4 Rf5 23. Bg3 Ref8 24. Nxe5 Qd8 25. Nf3 Nf4 26. Bxf4 Rxf4 27. Qe6+ Kh8 28. Ne5 Qg5 29. Nd7 Rg8 30. g3 Rf5 31. Qe7 Qg4 32. Ne5 Bxe5 33. Rxe5 Rgf8 34. Rxf5 Qxf5 35. Re2 Kg8 36. Qxb7 Rd8 37. Qb3+ Kg7 38. Qb7+ Kh6 39. Qe7 Rd1+ 40. Kg2 Qd5+ 41. Qe4 Qxe4+ 42. Rxe4 Rd2 43. Rb4 c5 44. Rb7 a5 45. a4 c4 46. Rb5 Kg7 47. Kf3 Kf6 48. Ke3 1-0


[Site "https://www.chess.com"]

[Event "Titled Tuesday Blitz May 16 Late 2023"]
[White "Prieto Aranguren, Alain"]
[Black "Hajiyev, Kanan"]
[WhiteFideId "2268906"]
[BlackFideId "13404148"]
[WhiteElo "2209"]
[BlackElo "2103"]
[Result "0-1"]
[Round "11"]
[TimeControl "180+2"]
[Date "2023.05.16"]
[WhiteClock "0:00:44"]
[BlackClock "0:01:05"]

1. e4 c6 2. d4 d5 3. exd5 cxd5 4. Bd3 Nc6 5. Nf3 Qc7 6. O-O Bg4 7. c3 e6 8. Nbd2 Bd6 9. Re1 Bxh2+ 10. Kh1 Bf4 11. Qa4 Ne7 12. Ne5 Bf5 13. Bf1 O-O 14. Ndf3 Nxe5 15. Bxf4 Qd7 16. Qxd7 Nxd7 17. Bd6 Rfe8 18. Nh4 Bg4 19. f3 Bh5 20. g4 Bg6 21. Nxg6 Nxg6 22. Bg3 Nb6 23. Bd3 Nc4 24. b3 Na5 25. Rac1 Rac8 26. Kg2 a6 27. Kf2 h6 28. Bxg6 fxg6 29. Be5 Nc6 30. f4 Kf7 31. Ke3 Nxe5 32. fxe5 Ke7 33. Kd3 b5 34. Rf1 Rf8 35. Ra1 Rxf1 36. Rxf1 Rf8 37. Rxf8 Kxf8 38. b4 g5 39. Ke3 Kf7 40. Kf3 Kg6 41. Kg3 h5 42. Kh3 Kh6 43. Kg3 hxg4 44. Kxg4 Kg6 45. a3 Kh6 46. Kg3 Kh5 47. Kh3 g4+ 48. Kg3 Kg5 0-1


[Site "https://www.chess.com"]

[Event "Titled Tuesday Blitz May 16 Late 2023"]
[White "Petrovic, Aleksa"]
[Black "Carrasco Miranda, Andres"]
[WhiteFideId "967629"]
[BlackFideId "3405990"]
[WhiteElo "2309"]
[BlackElo "2183"]
[Result "1/2-1/2"]
[Round "11"]
[TimeControl "180+2"]
[Date "2023.05.16"]
[WhiteClock "0:00:03"]
[BlackClock "0:00:39"]

1. d4 Nf6 2. c4 g6 3. f3 d5 4. cxd5 Nxd5 5. e4 Nb6 6. Nc3 Bg7 7. Be3 O-O 8. Qd2 e5 9. dxe5 Bxe5 10. O-O-O Qxd2+ 11. Rxd2 Nc6 12. Bb5 Nb4 13. Bc5 a6 14. Bxb4 axb5 15. Bxf8 Kxf8 16. Kb1 Be6 17. Nge2 b4 18. Nd5 Nxd5 19. exd5 Bf5+ 20. Ka1 b3 21. Nc3 b5 22. g4 b4 23. Ne4 Rxa2+ 24. Kb1 Bxe4+ 25. fxe4 Ke7 26. Rf1 f6 27. Rf3 Bc3 28. Rdf2 Bd4 29. Rxb3 Ra4 30. Rc2 Be5 31. Rc4 Bd6 32. Rh3 h5 33. gxh5 gxh5 34. Rxh5 Kf7 35. Rh7+ Kg6 36. Rhxc7 Bxc7 37. Rxc7 b3 38. Re7 Rd4 39. Kc1 Rc4+ 40. Kd1 Rc2 41. d6 Rxb2 42. d7 Rb1+ 43. Kd2 b2 44. d8=Q Rd1+ 45. Kxd1 b1=Q+ 46. Kd2 Qb2+ 47. Ke3 Qa3+ 48. Kd4 Qb4+ 49. Kd3 Qa3+ 50. Kc4 Qa4+ 51. Kc5 Qc2+ 52. Kd6 Qd2+ 53. Kc7 Qa5+ 54. Kd7 Qa4+ 55. Ke6 Qxe4+ 56. Kd6 Qd4+ 57. Kc7 Qa7+ 58. Kc8 Qa8+ 59. Kd7 Qa4+ 60. Kd6 Qd4+ 61. Kc7 Qa7+ 62. Kc8 Qa8+ 63. Kc7 Qa7+ 1/2-1/2


[Site "https://www.chess.com"]

[Event "Titled Tuesday Blitz May 16 Late 2023"]
[White "Papayan, Oleg"]
[Black "Celestino, Rafael Teixeira"]
[WhiteFideId "4193911"]
[BlackFideId "2108925"]
[WhiteElo "2171"]
[BlackElo "2347"]
[Result "1-0"]
[Round "11"]
[TimeControl "180+2"]
[Date "2023.05.16"]
[WhiteClock "0:02:33"]
[BlackClock "0:02:00"]

1. e4 e5 2. Nf3 Nc6 3. Bb5 a6 4. Bxc6 dxc6 5. O-O Bg4 6. h3 Bxf3 7. Qxf3 Nf6 8. d3 h6 9. Nd2 Bc5 10. Nc4 Qe7 11. Qg3 Bd6 12. Kh1 O-O-O 13. a4 g5 14. b4 Bxb4 15. Bb2 Kb8 16. Bxe5 Rhg8 17. Rfb1 Bc5 18. Na5 Bb6 19. Rxb6 Nh5 20. Rxb7+ Ka8 21. Qe3 c5 22. Ra7+ Kb8 23. Nc6+ Kc8 24. Nxe7+ Kd7 25. Qxc5 Rb8 26. Qxc7+ Ke6 27. Rxa6+ Rb6 28. Rxb6# 1-0


[Site "https://www.chess.com"]

[Event "Titled Tuesday Blitz May 16 Late 2023"]
[White "lluiss"]
[Black "Pires, Marcos Vinicius Torsani"]
[BlackFideId "2118939"]
[WhiteElo "2301"]
[BlackElo "2273"]
[Result "0-1"]
[Round "11"]
[TimeControl "180+2"]
[Date "2023.05.16"]
[WhiteClock "0:00:28"]
[BlackClock "0:00:29"]

1. Nf3 Nf6 2. c4 g6 3. g3 Bg7 4. Bg2 O-O 5. O-O d6 6. d4 Nc6 7. Nc3 e5 8. dxe5 dxe5 9. Bg5 Be6 10. Nd5 Bxd5 11. cxd5 Qxd5 12. Bxf6 Qxd1 13. Raxd1 Bxf6 14. Nd2 Rfd8 15. Bxc6 bxc6 16. b3 Rd5 17. Ne4 Be7 18. Nc3 Rd6 19. Rd3 Rxd3 20. exd3 Rd8 21. Rd1 f5 22. Kf1 Kf7 23. Ke2 Ke6 24. Na4 Bb4 25. Rc1 Kd5 26. Rc4 a5 27. f3 Re8 28. Ke3 h5 29. Nc3+ Kd6 30. Na4 Kd5 31. h3 Bf8 32. g4 Bh6+ 33. Ke2 hxg4 34. hxg4 Bf4 35. Nc3+ Kd6 36. Ra4 Rh8 37. Rxa5 Rh2+ 38. Kf1 Rc2 39. Ne2 Be3 40. gxf5 gxf5 41. Ra8 Ke7 42. Rh8 Rxa2 43. Rh7+ Kd6 44. Rh6+ Bxh6 0-1


[Site "https://www.chess.com"]

[Event "Titled Tuesday Blitz May 16 Late 2023"]
[White "Torres Dominguez, David"]
[Black "marik_spb"]
[WhiteFideId "2220857"]
[WhiteElo "1999"]
[BlackElo "2440"]
[Result "0-1"]
[Round "11"]
[TimeControl "180+2"]
[Date "2023.05.16"]
[WhiteClock "0:00:00"]
[BlackClock "0:00:06"]

1. e4 c6 2. Nf3 d5 3. d3 dxe4 4. dxe4 Qxd1+ 5. Kxd1 Nd7 6. Be3 Ngf6 7. Nbd2 e5 8. h3 Bd6 9. c3 Bc7 10. Bd3 Nf8 11. Ke2 Ne6 12. g3 Nd7 13. a4 Ndc5 14. Bc2 Ke7 15. b4 Nd7 16. a5 f6 17. Rhd1 Rd8 18. h4 c5 19. Nc4 b5 20. axb6 Nxb6 21. Nxb6 Bxb6 22. Rxd8 Kxd8 23. Nd2 Bb7 24. Nc4 Kc7 25. b5 Rc8 26. Bb3 Re8 27. f3 Re7 28. Na5 Ba8 29. Bxe6 Rxe6 30. c4 Rd6 31. Nb3 f5 32. exf5 e4 33. Bf4 Kd7 34. Bxd6 Kxd6 35. Rd1+ Ke7 36. f4 Bb7 37. Ke3 h5 38. Rd2 Kf6 39. Rd7 Bc8 40. Rd6+ Kxf5 41. Rd5+ Kg6 42. Nxc5 Bb7 43. Rd6+ Kf5 44. Kd4 Bxc5+ 45. Kxc5 e3 46. Rd8 e2 47. Re8 Be4 48. Kd4 e1=Q 49. Re5+ Kg4 50. Rxe4 Qd2+ 51. Ke5 Kxg3 52. f5 Qc3+ 53. Kd5 Qd3+ 54. Rd4 Qxf5+ 55. Kc6 Qc8+ 56. Kd5 Qd7+ 57. Kc5 Qc7+ 58. Kd5 Qf7+ 59. Kc5 Qe7+ 60. Kd5 g5 61. hxg5 Qxg5+ 62. Kc6 Qf6+ 63. Rd6 Qf3+ 64. Rd5 h4 0-1


[Site "https://www.chess.com"]

[Event "Titled Tuesday Blitz May 16 Late 2023"]
[White "Howell, David W L"]
[Black "Florianovitz, Derlei Alex"]
[WhiteFideId "410608"]
[BlackFideId "2114178"]
[WhiteElo "2567"]
[BlackElo "1953"]
[Result "1-0"]
[Round "11"]
[TimeControl "180+2"]
[Date "2023.05.16"]
[WhiteClock "0:01:23"]
[BlackClock "0:00:01"]

1. e4 e6 2. d4 d5 3. Nc3 Nf6 4. e5 Nfd7 5. Nce2 c5 6. c3 Nc6 7. f4 cxd4 8. cxd4 f6 9. Nf3 Bb4+ 10. Bd2 Qa5 11. a3 Bxd2+ 12. Qxd2 Qxd2+ 13. Kxd2 fxe5 14. dxe5 O-O 15. Ke3 Nc5 16. Ned4 Ne4 17. Rc1 Bd7 18. Bd3 Nxd4 19. Nxd4 g5 20. g3 gxf4+ 21. gxf4 Rac8 22. Be2 Kf7 23. Rhg1 Rxc1 24. Rxc1 Rc8 25. Rg1 Rg8 26. Rc1 Rc8 27. Rxc8 Bxc8 28. Bd3 Nc5 29. Bxh7 a6 30. Bc2 Bd7 31. Kf3 Ba4 32. b3 Bc6 33. Kg4 Nd7 34. h4 Nf8 35. h5 Kg7 36. Kg5 Be8 37. h6+ Kf7 38. b4 Ke7 39. h7 Nxh7+ 40. Bxh7 b6 41. Kh6 a5 42. Kg7 axb4 43. axb4 Bd7 44. Bg8 Bc8 45. Bf7 Bd7 46. b5 Bc8 47. Nc6+ Kd7 48. Kf6 Kc7 49. Bxe6 Bb7 50. Nd4 Bc8 51. Bxc8 Kxc8 52. Ke7 Kc7 53. f5 1-0


[Site "https://www.chess.com"]

[Event "Titled Tuesday Blitz May 16 Late 2023"]
[White "Alexikov, Alexander"]
[Black "chess123456s"]
[WhiteFideId "14103958"]
[WhiteElo "2186"]
[BlackElo "2577"]
[Result "1-0"]
[Round "11"]
[TimeControl "180+2"]
[Date "2023.05.16"]
[WhiteClock "0:00:14"]
[BlackClock "0:00:02"]

1. e4 e5 2. Nf3 Nc6 3. c3 d5 4. Qa4 f6 5. Bb5 Ne7 6. exd5 Qxd5 7. d4 exd4 8. cxd4 Bd7 9. Nc3 Qh5 10. Bf4 O-O-O 11. O-O Bg4 12. d5 Bxf3 13. gxf3 Nxd5 14. Bxc6 Nxf4 15. Bxb7+ Kxb7 16. Qxf4 Bd6 17. Qe4+ Kb8 18. h4 f5 19. Qc4 Qxf3 20. Rfd1 Qg4+ 21. Qxg4 fxg4 22. Rd5 Rhf8 23. Rg5 g6 24. Rd1 Rf4 25. Kg2 Rdf8 26. Rd2 Be7 27. Rb5+ Kc8 28. Nd5 Re4 29. Ra5 Bxh4 30. Rxa7 Rc4 31. Ra8+ Kb7 32. Rxf8 c6 33. Ne3 Rc1 34. Rf7+ Kb6 35. Rxh7 Bg5 36. Rg7 g3 37. Kxg3 Rg1+ 38. Kf3 Bf6 39. Rf7 Be5 40. Rc2 Ka6 41. Ke4 Bd6 42. Rf6 Bb4 43. Rfxc6+ Kb7 44. R6c4 Bd6 45. a3 Re1 46. Rd4 Bc7 47. Rd7 Kb8 48. Rdxc7 g5 49. Rg7 g4 50. Rd2 g3 51. Rd8# 1-0


[Site "https://www.chess.com"]

[Event "Titled Tuesday Blitz May 16 Late 2023"]
[White "Boor, Carl"]
[Black "Vifleemskaia, Svetlana"]
[WhiteFideId "2017008"]
[BlackFideId "4129490"]
[WhiteElo "2330"]
[BlackElo "1930"]
[Result "0-1"]
[Round "11"]
[TimeControl "180+2"]
[Date "2023.05.16"]
[WhiteClock "0:01:03"]
[BlackClock "0:00:31"]

1. e4 e5 2. f4 d5 3. exd5 exf4 4. Nf3 Nf6 5. Bb5+ c6 6. dxc6 Nxc6 7. O-O Qb6+ 8. d4 Qxb5 9. Nc3 Qb6 10. Kh1 Bd6 11. Re1+ Ne7 12. Ne5 Be6 13. Bxf4 O-O 14. d5 Nexd5 15. Nc4 Nxc3 16. Nxb6 Nxd1 17. Bxd6 Nf2+ 18. Kg1 axb6 19. Bxf8 Nh3+ 20. gxh3 Rxf8 21. Re3 Nd5 22. Re4 Bxh3 23. c4 Nf6 24. Re7 Bd7 25. b4 Rc8 26. Rd1 Bc6 27. b5 Be4 28. Rc7 Ra8 29. Rd6 h5 30. Rxb6 Rxa2 31. c5 Rg2+ 32. Kf1 Rxh2 33. Rc8+ Kh7 34. c6 bxc6 35. bxc6 Nd5 36. Rbb8 Ne3+ 37. Ke1 Bd3 0-1


[Site "https://www.chess.com"]

[Event "Titled Tuesday Blitz May 16 Late 2023"]
[White "Cooklev, Steven"]
[Black "Janaszak, Dawid"]
[WhiteFideId "2050552"]
[BlackFideId "1119206"]
[WhiteElo "2299"]
[BlackElo "2220"]
[Result "0-1"]
[Round "11"]
[TimeControl "180+2"]
[Date "2023.05.16"]
[WhiteClock "0:00:11"]
[BlackClock "0:01:36"]

1. e4 e5 2. Bc4 b5 3. Bxb5 Bb7 4. d3 Nf6 5. Nf3 Bc5 6. Nxe5 Qe7 7. Nf3 Nc6 8. Nc3 O-O 9. O-O Nd4 10. Nxd4 Bxd4 11. Be3 Bxc3 12. bxc3 Qe5 13. Rb1 Qxc3 14. Qd2 Qa3 15. Bd4 Qd6 16. Bxf6 Qxf6 17. Bxd7 Rab8 18. Rb3 Rfd8 19. Rfb1 Rxd7 20. h3 c5 21. Qa5 a6 22. Qxc5 Rc8 23. Qe3 Bc6 24. Rb6 Qc3 25. Rxa6 h6 26. Qe2 Rdc7 27. Rab6 Bd7 28. Rb8 Be6 29. Rxc8+ Rxc8 30. a4 Ba2 31. Rc1 Qa3 32. Qd2 Qxa4 33. f4 Rd8 34. Qe3 Qa3 35. c4 Rxd3 36. Qf2 Qxc1+ 0-1


[Site "https://www.chess.com"]

[Event "Titled Tuesday Blitz May 16 Late 2023"]
[White "De Souza, Cristiano Gomes"]
[Black "Martin Barcelo, Carles"]
[WhiteFideId "2151758"]
[BlackFideId "24561444"]
[WhiteElo "2068"]
[BlackElo "2089"]
[Result "0-1"]
[Round "11"]
[TimeControl "180+2"]
[Date "2023.05.16"]
[WhiteClock "0:00:15"]
[BlackClock "0:01:46"]

1. d4 Nf6 2. c4 e6 3. Nf3 b6 4. g3 Bb7 5. Bg2 Bb4+ 6. Bd2 Be7 7. O-O O-O 8. Bc3 d5 9. Nbd2 Nbd7 10. Ne5 Rc8 11. Nxd7 Qxd7 12. e4 Nxe4 13. Nxe4 dxe4 14. Qe2 f5 15. Rae1 Bf6 16. Qd2 Rfd8 17. Rd1 g6 18. f3 exf3 19. Bxf3 Bxf3 20. Rxf3 Qg7 21. Rd3 Rd7 22. d5 Bxc3 23. bxc3 Rcd8 24. dxe6 Rxd3 25. Qxd3 Rxd3 26. Rxd3 Qe7 27. Rd7 Qxe6 28. Rxc7 a5 0-1


[Site "https://www.chess.com"]

[Event "Titled Tuesday Blitz May 16 Late 2023"]
[White "Einarsson, Halldor Gretar"]
[Black "Arnold, Ken"]
[WhiteFideId "2300150"]
[BlackFideId "2056836"]
[WhiteElo "2110"]
[BlackElo "2374"]
[Result "1-0"]
[Round "11"]
[TimeControl "180+2"]
[Date "2023.05.16"]
[WhiteClock "0:00:15"]
[BlackClock "0:00:43"]

1. d4 d5 2. Nf3 Nf6 3. g3 Bg4 4. Ne5 Bf5 5. c4 c6 6. Nc3 e6 7. Qb3 Qb6 8. c5 Qc7 9. Bf4 Qc8 10. f3 Be7 11. Bg2 Nbd7 12. e4 dxe4 13. fxe4 Bg6 14. Nxg6 hxg6 15. O-O O-O 16. Bg5 e5 17. d5 cxd5 18. exd5 Nxd5 19. Bxd5 Bxg5 20. Bxf7+ Kh7 21. Ne4 Bf6 22. Qe6 Qc6 23. Qh3+ 1-0


[Site "https://www.chess.com"]

[Event "Titled Tuesday Blitz May 16 Late 2023"]
[White "Magallanes, Rey Jomar"]
[Black "Weber, Samuel"]
[WhiteFideId "5205948"]
[BlackFideId "12924008"]
[WhiteElo "2285"]
[BlackElo "2162"]
[Result "0-1"]
[Round "11"]
[TimeControl "180+2"]
[Date "2023.05.16"]
[WhiteClock "0:00:34"]
[BlackClock "0:00:49"]

1. e4 c5 2. Nf3 Nc6 3. d4 cxd4 4. Nxd4 Nf6 5. Nc3 h5 6. Be2 g6 7. O-O Bg7 8. Nb3 d6 9. f4 O-O 10. Be3 Bd7 11. Bf3 a6 12. Qe2 Rc8 13. Rad1 b5 14. Nd5 Nxd5 15. exd5 Na5 16. Nxa5 Qxa5 17. a3 Bf5 18. c3 Qa4 19. Bd4 Qc4 20. Qd2 Bxd4+ 21. Qxd4 Qxd4+ 22. Rxd4 Rc5 23. Re1 Rc7 24. h3 h4 25. a4 Rb8 26. a5 Kf8 27. Rc1 b4 28. c4 Rc5 29. Ra1 Bc2 30. Be2 b3 31. Kf2 Rb4 32. Ke3 Kg7 33. Kd2 f5 34. Kc3 Rbb5 35. Bd1 Bxd1 36. Rdxd1 Kf6 37. Re1 Rb7 38. Re6+ Kf7 39. Re3 Rb8 40. Rae1 Rb7 41. Ra1 Rbc7 42. Kxb3 Rxc4 43. Rc3 R4c5 44. Rac1 Rb7+ 45. Ka2 Rxa5+ 46. Ra3 Rxd5 47. Rxa6 Rd2 48. Rb1 Rxg2 49. Ra3 Rb4 50. Rf3 Rg3 51. Rbf1 Rxf3 52. Rxf3 e5 53. fxe5 dxe5 54. b3 e4 55. Rf4 Kf6 56. Ka3 Rd4 57. b4 Ke5 58. Rf1 e3 59. Ka4 f4 60. Ka5 e2 61. Re1 f3 62. b5 Rd1 63. b6 Rxe1 64. b7 Ra1+ 65. Kb6 Rb1+ 66. Kc7 e1=Q 67. b8=Q Rxb8 68. Kxb8 Qa5 69. Kb7 f2 70. Kb8 Kd6 71. Kb7 f1=Q 72. Kb8 Qfb5+ 73. Kc8 Qc7# 0-1


[Site "https://www.chess.com"]

[Event "Titled Tuesday Blitz May 16 Late 2023"]
[White "Kovacevic, Radmila"]
[Black "Szente Varga, Fruzsina"]
[WhiteFideId "933171"]
[BlackFideId "712264"]
[WhiteElo "2194"]
[BlackElo "1994"]
[Result "1-0"]
[Round "11"]
[TimeControl "180+2"]
[Date "2023.05.16"]
[WhiteClock "0:01:42"]
[BlackClock "0:01:32"]

1. e4 Nf6 2. e5 Nd5 3. d4 d6 4. Nf3 g6 5. h4 Bg4 6. Bc4 c6 7. Nc3 Nxc3 8. Bxf7+ Kxf7 9. Ng5+ Ke8 10. Qxg4 Nd5 11. Qf3 Kd7 12. Qg4+ Ke8 13. Qe6 Qa5+ 14. Bd2 Qb6 15. exd6 Nd7 16. Qf7+ Kd8 17. Ne6+ Kc8 18. Qe8+ 1-0


[Site "https://www.chess.com"]

[Event "Titled Tuesday Blitz May 16 Late 2023"]
[White "Georg, Heinz"]
[Black "Kev4444444444"]
[WhiteFideId "4607295"]
[WhiteElo "2317"]
[BlackElo "2165"]
[Result "1-0"]
[Round "11"]
[TimeControl "180+2"]
[Date "2023.05.16"]
[WhiteClock "0:00:12"]
[BlackClock "0:00:07"]

1. c4 e6 2. Nf3 d5 3. d4 Nf6 4. g3 Bb4+ 5. Bd2 Be7 6. b3 O-O 7. Bg2 c6 8. O-O b6 9. Bc3 Nbd7 10. Nbd2 Bb7 11. Qc2 c5 12. dxc5 Nxc5 13. Rfd1 Nce4 14. Bxf6 Nxf6 15. cxd5 exd5 16. Nd4 Rc8 17. Qd3 Re8 18. N2f3 Ba3 19. Nc2 Bc5 20. e3 Ne4 21. b4 Be7 22. a3 Bf6 23. Ncd4 Rc3 24. Qe2 Qd7 25. Rdc1 Rec8 26. Rxc3 Nxc3 27. Qb2 Na4 28. Qd2 b5 29. Rc1 Nb6 30. Rxc8+ Bxc8 31. Bf1 Nc4 32. Bxc4 dxc4 33. Qc2 Bb7 34. Kf1 Qd5 35. Ke2 Qh5 36. Qf5 Qxh2 37. Nxh2 Bxd4 38. exd4 h6 39. Qxb5 Be4 40. Qxc4 Bg6 41. Nf3 Bh5 42. Ke3 Bg6 43. Ne5 Bb1 44. Qxf7+ Kh7 45. Nd7 Kh8 46. Nf8 Bc2 47. Ne6 1-0


[Site "https://www.chess.com"]